 Dungeon Crawl Stone Soup version 0.31-a0-996-g3b49de5836 (webtiles) character file.

Game seed: 491209352014119488

121408 BinkBink the Warrior (level 16, -6/111 HPs)
             Began as a Gargoyle Monk on Nov 7, 2023.
             Was the Champion of Qazlal.
             Hit by a javelin thrown by a merfolk javelineer (12 damage)
             ... on level 2 of the Shoals.
             The game lasted 00:40:49 (21964 turns).

BinkBink the Warrior (Gargoyle Monk)               Turns: 21964, Time: 00:40:51

Health: -6/111     AC: 47    Str: 19    XL:     16   Next: 84%
Magic:  16/16      EV: 14    Int: 14    God:    Qazlal [******]
Gold:   1486       SH:  8    Dex: 22    Spells: 15/15 levels left

rFire   . . .        Q - +10 consecrated labrys {holy, Valiant Fragile Fly SInv}
rCold   . . .        d - orb {light}
rNeg    + + .        O - +6 plate armour
rPois   ∞            T - +2 hat
rElec   +            w - +2 cloak "Zaapo" {Int+3}
rCorr   .            R - +2 pair of gloves
SInv    +            (no boots)
Will    +....        (no amulet) Stlth
                     h - +6 ring of dexterity
HPRegen 0.38/turn    y - ring of positive energy
MPRegen 0.15/turn

%: repel missiles
@: mighty, protected from physical damage, flying, glowing
A: sickness immunity, AC +12, big wings, negative energy resistance 1,
electricity resistance, torment resistance 1, petrification resistance
a: Renounce Religion, Upheaval, Elemental Force, Disaster Area


You were on level 2 of the Shoals.
You worshipped Qazlal.
Qazlal was exalted by your worship.
You visited 4 branches of the dungeon, and saw 22 of its levels.

You collected 2116 gold pieces.
You spent 630 gold pieces at shops.

Inventory:

Hand Weapons
 a - a +1 mace
 B - a +1 great mace of draining
 C - a +0 whip of freezing
 N - a +1 flail of protection
 P - a +1 dire flail of holy wrath
 Q - the +10 consecrated labrys (weapon) {holy, Valiant Fragile Fly SInv}
   (You bought it in a shop on level 1 of the Orcish Mines)

   Valiant:   It becomes more powerful as more dangerous foes come into view.
   SInv:      It lets you see invisible.
   Fly:       It grants you flight.
   Fragile:   It will be destroyed if unequipped.
Missiles
 s - a throwing net
Armour
 d - an orb of light (worn)
 f - a +0 troll leather armour
 r - the +0 plate armour of Impatience {rC+ Will+ MP+9 Dex+4}
   (You found it on level 12 of the Dungeon)

   Dex+4:     It affects your dexterity (+4).
   rC+:       It protects you from cold.
   Will+:     It increases your willpower.
   MP+9:      It affects your magic capacity (+9).
 w - the +2 cloak "Zaapo" (worn) {Int+3}
   (You found it on level 8 of the Dungeon)

   Int+3:     It affects your intelligence (+3).
 O - a +6 plate armour (worn)
 R - a +2 pair of gloves (worn)
 S - the +1 chain mail of Nirotu {Drain Str+3 Int+2}
   (You found it on level 13 of the Dungeon)

   Str+3:     It affects your strength (+3).
   Int+2:     It affects your intelligence (+2).
   Drain:     It drains your maximum health when unequipped.
 T - a +2 hat (worn)
Jewellery
 e - a +6 ring of intelligence
 h - a +6 ring of dexterity (left hand)
 y - a ring of positive energy (right hand)
 M - a ring of positive energy
 Z - a ring of wizardry
Wands
 b - a wand of acid (9)
 j - a wand of flame (67) (quivered)
 k - a wand of polymorph (3)
 t - a wand of charming (11)
 E - a wand of digging (12)
 F - a wand of mindburst (10)
 K - a wand of iceblast (7)
Scrolls
 c - 7 scrolls of noise
 i - 7 scrolls of amnesia
 m - 3 scrolls of immolation
 q - 3 scrolls of teleportation
 H - 3 scrolls of fog
 L - 3 scrolls of blinking
 U - a scroll of silence
 V - a scroll of vulnerability
 X - 3 scrolls of enchant weapon
Potions
 g - 4 potions of enlightenment
 l - 2 potions of resistance
 n - a potion of might
 o - 5 potions of lignification
 p - 5 potions of brilliance
 u - 2 potions of mutation
 z - 2 potions of degeneration
 A - 4 potions of haste
 D - 7 potions of curing
 G - a potion of berserk rage
 I - 4 potions of attraction
 W - 2 potions of cancellation


   Skills:
 + Level 16.4 Fighting
 + Level 15.1 Maces & Flails
 + Level 16.0 Armour
 + Level 12.9 Dodging


You had 15 spell levels left.
You didn't know any spells.
Your spell library contained the following spells:

 Spells                   Type           Power      Damage    Failure   Level
 Apportation              Tloc           0%         N/A       98%         1
 Foxfire                  Conj/Fire      0%         2x1d4     98%         1
 Necrotise                Necr           0%         1d4       98%         1
 Sandblast                Erth           0%         2d4       98%         1
 Summon Small Mammal      Summ           0%         N/A       98%         1
 Blink                    Tloc           0%         N/A       99%         2
 Lesser Beckoning         Tloc           0%         N/A       99%         2
 Momentum Strike          Conj/Tloc      0%         3d8       99%         2
 Passwall                 Tmut/Erth      0%         N/A       99%         2
 Wereblood                Tmut           0%         N/A       99%         2
 Gell's Gravitas          Tloc           0%         N/A       100%        3
 Inner Flame              Hex/Fire       0%         N/A       100%        3
 Stone Arrow              Conj/Erth      0%         3d7       100%        3
 Teleport Other           Tloc           0%         N/A       100%        3
 Volatile Blastmotes      Fire/Tloc      0%         2d10      100%        3
 Brom's Barrelling Bould  Conj/Erth      0%         2d3       100%        4
 Flame Wave               Conj/Fire      0%         2d4       100%        4
 Fulminant Prism          Conj/Hex       0%         3d5       100%        4
 Iskenderun's Mystic Bla  Conj/Tloc      0%         2d3       100%        4
 Manifold Assault         Tloc           0%         N/A       100%        4
 Sticky Flame             Conj/Fire      0%         2d3       100%        4
 Alistair's Intoxication  Tmut/Pois      0%         N/A       100%        5
 Borgnjor's Vile Clutch   Necr/Erth      0%         N/A       100%        5
 Irradiate                Conj/Tmut      0%         3d11      100%        5
 Iskenderun's Battlesphe  Conj           0%         2d6       100%        5
 Yara's Violent Unravell  Hex/Tmut       0%         3d3       100%        5
 Bombard                  Conj/Erth      0%         9d1       100%        6
 Eringya's Noxious Bog    Tmut/Pois      0%         4d6       100%        6
 Plasma Beam              Fire/Air       0%         2x1d10    100%        6
 Starburst                Conj/Fire      0%         6d3       100%        6
 Enfeeble                 Hex            0%         N/A       100%        7
 Spellforged Servitor     Conj/Summ      0%         N/A       100%        7


Dungeon Overview and Level Annotations

Branches:
Dungeon (13/15)            Temple (0/1) D:5            Lair (5/5) D:8
 Shoals (2/4) Lair:2        Snake (0/4) Lair:2        Slime (0/5) Lair:4
    Orc (2/2) D:11            Elf (0/3) Orc:2
 Vaults: D:13-14

Altars:
Cheibriados
Elyvilon
Fedhas
Nemelex Xobeh
Qazlal
Ru
Trog
Vehumet
Wu Jian
Xom
Yredelemnul
The Shining One
Jiyva

Shops:
D:6 *   D:8 :   Orc:1 (   Orc:2 ([:?

Annotations:
D:2 1 runed translucent door, Crazy Yiuf
D:10 3 runed translucent doors, IndexError's ghost, novice DsCj; Snorg
Shoals:2 Polyphemus


Innate Abilities, Weirdness & Mutations

You are immune to sickness and miasma.
Your stone body is resilient. (AC +12)
You are immune to poison.
Your large and strong wings let you fly.
You resist negative energy. (rN+)
You are resistant to electric shocks. (rElec)
You are resistant to unholy torment.
You are immune to petrification.


Message History

The merfolk impaler hits you but does no damage.
The merfolk impaler attacks as it pursues you!
The merfolk impaler hits you from afar with a +2 trident of venom.
* * * LOW HITPOINT WARNING * * *
The merfolk javelineer throws a javelin.
The javelin barely misses you.
The merfolk impaler hits you but does no damage.
The merfolk barely misses you.
The merfolk impaler hits you but does no damage.
You slice the merfolk impaler!!
The merfolk impaler is moderately wounded.
The merfolk hits you but does no damage.
The merfolk impaler hits you but does no damage.
You closely miss the merfolk impaler.
The merfolk impaler is moderately wounded.
You block the merfolk's attack.
The merfolk javelineer throws a javelin.
The javelin pierces through you.
* * * LOW HITPOINT WARNING * * *
You block the merfolk impaler's attack.
The merfolk hits you but does no damage.
The merfolk javelineer throws a javelin.
The javelin barely misses you.
The merfolk impaler hits you with a +2 trident of venom!
* * * LOW HITPOINT WARNING * * *
The merfolk completely misses you.
The merfolk impaler hits you with a +2 trident of venom.
* * * LOW HITPOINT WARNING * * *
You feel very mighty all of a sudden.
Your protection from physical attacks is fading.
The merfolk javelineer misses you.
The merfolk impaler hits you but does no damage.
The merfolk barely misses you.
You slice the merfolk impaler!!
The merfolk impaler is heavily wounded.
You slice the merfolk!!
The merfolk impaler hits you but does no damage.
The merfolk javelineer throws a javelin.
The javelin pierces through you!
You die...

#################~~~
#≈≈≈≈≈≈≈≈≈≈≈≈≈≈≈≈≈~~
#○m@≈○≈≈≈≈≈≈≈≈≈≈≈≈~~
#°≈§m≈≈≈≈≈≈≈≈≈≈≈≈≈≈~
#☼≈○m°≈≈≈≈≈≈≈≈≈≈≈≈≈~
#≈≈≈≈≈≈≈≈≈≈≈≈≈≈≈≈≈≈~
#≈≈≈≈≈≈≈≈≈≈≈≈≈≈≈≈≈≈~
#≈≈≈≈≈≈≈≈≈≈≈≈≈≈≈≈≈≈~
#≈≈≈≈≈≈≈≈≈≈≈≈~~~~~~~
#≈≈≈≈≈≈≈≈≈≈≈~~~~~~~,
#≈≈≈≈≈≈≈≈≈≈~~~~....,


You could see a merfolk impaler, a merfolk javelineer and a merfolk.

Vanquished Creatures
  Jorgrun (Shoals:1)
  A kraken (Shoals:1)
  Frances (Shoals:1)
  Gastronok (Lair:3)
  Aizul (Shoals:1)
  An orc warlord (Orc:2)
  Nessos (Orc:2)
  Josephine (D:11)
  A merfolk impaler (Shoals:2)
  2 merfolk avatars
  4 hydras
  A merfolk aquamancer (Shoals:2)
  A centaur warrior (D:13)
  5 two-headed ogres
  7 death yaks
  A boulder beetle (Lair:5)
  2 orc high priests
  An occultist (D:13)
  Sonja (Lair:5)
  4 skysharks
  7 sea snakes
  Pikel (D:4)
  4 harpies (Shoals:2)
  4 orc knights
  A salamander (Lair:2)
  6 orc sorcerers
  3 cyclopes
  2 fauns
  9 manticores
  24 elephants
  2 merfolk sirens (Shoals:2)
  2 water nymphs
  6 black mambas
  2 torpor snails (Lair:4)
  A gargoyle (D:12)
  2 rime drakes
  7 komodo dragons
  20 cane toads
  An unseen horror (D:11)
  Psyche (D:10)
  An efreet (D:13)
  8 trolls
  2 wind drakes (Shoals:1)
  11 polar bears (Lair:5)
  11 merfolk
  2 hornets
  3 raiju (Lair:5)
  19 dream sheep
  23 blink frogs
  3 slime creatures (D:13)
  2 shadows (D:11)
  2 water elementals
  6 wraiths (D:11)
  69 yaks
  4 wyverns
  2 basilisks
  2 steam dragons (D:7)
  5 vampire mosquitoes
  3 nagas (Lair:2)
  5 wargs
  Duvessa (D:4)
  2 acid dragons
  14 hell hounds (Lair:5)
  14 water moccasins
  2 ice beasts
  29 orc warriors
  15 black bears
  An ogre (Orc:2)
  6 centaurs
  21 wolves
  A phantom (D:5)
  2 kobold brigands
  10 bullfrogs
  3 scorpions
  12 wights
  Dowan (D:4)
  4 howler monkeys
  2 hounds
  4 jellies (Lair:4)
  22 orc priests
  A gnoll bouda (D:8)
  A sleepcap (D:8)
  12 iguanas
  Ijyb (D:4)
  Natasha (thrice) (D:2)
  18 orc wizards
  4 hell rats (Lair:1)
  Robin (D:2)
  7 gnolls
  9 adders
  A white imp (D:7)
  3 worms
  3 dart slugs
  67 orcs
  8 ball pythons
  4 bats
  10 endoplasms
  4 giant cockroaches
  11 goblins (D:2)
  19 hobgoblins
  12 kobolds
  7 quokkas
  3 frilled lizards
  3 rats
  A spectral hobgoblin (D:1)
  A tentacle (Shoals:1)
706 creatures vanquished.

Vanquished Creatures (others)
  A merfolk (Shoals:2)
  A wolf (Lair:5)
  An orc (Orc:1)
  4 tentacles (Shoals:1)
7 creatures vanquished.

Grand Total: 713 creatures vanquished

Notes
Turn   | Place    | Note
-------+----------+-------------------------------------------
     0 | D:1      | BinkBink the Gargoyle Monk began the quest for the Orb.
     0 | D:1      | Reached XP level 1. HP: 14/14 MP: 1/1
   190 | D:1      | Found a faded altar of an unknown god.
   225 | D:1      | Reached XP level 2. HP: 19/19 MP: 2/2
   314 | D:1      | Reached skill level 1 in Armour
   700 | D:1      | Reached XP level 3. HP: 20/23 MP: 3/3
  1244 | D:2      | Noticed Robin
  1251 | D:2      | Killed Robin
  1259 | D:2      | Reached XP level 4. HP: 8/29 MP: 4/4
  1358 | D:2      | Noticed Natasha
  1365 | D:2      | Killed Natasha
  1511 | D:2      | Reached XP level 5. HP: 14/33 MP: 5/5
  1759 | D:2      | Noticed Natasha
  1769 | D:2      | Killed Natasha
  2123 | D:2      | Noticed Natasha
  2155 | D:2      | Killed Natasha
  2265 | D:2      | Found a runed translucent door.
  2266 | D:2      | Noticed Crazy Yiuf
  2471 | D:3      | Reached XP level 6. HP: 38/39 MP: 6/6
  2521 | D:3      | Found a stormy altar of Qazlal.
  2532 | D:3      | Became a worshipper of Qazlal Stormbringer
  2532 | D:3      | Reached * piety under Qazlal
  2532 | D:3      | Reached ** piety under Qazlal
  3388 | D:4      | Noticed Ijyb
  3389 | D:4      | Noticed Dowan
  3390 | D:4      | Noticed Duvessa
  3395 | D:4      | Killed Dowan
  3396 | D:4      | Reached skill level 5 in Fighting
  3396 | D:4      | Reached XP level 7. HP: 37/44 MP: 7/7
  3400 | D:4      | Killed Duvessa
  3439 | D:4      | Killed Ijyb
  3458 | D:4      | Found a glowing golden altar of the Shining One.
  3905 | D:4      | Found a white marble altar of Elyvilon.
  3906 | D:4      | You fall into a shaft and drop 3 floors!
  3922 | D:7      | Reached skill level 5 in Maces & Flails
  4103 | D:6      | Reached XP level 8. HP: 51/51 MP: 8/8
  4133 | D:6      | Found a sacrificial altar of Ru.
  4134 | D:6      | Found a blossoming altar of Fedhas.
  4482 | D:5      | Entered Level 5 of the Dungeon
  4509 | D:5      | Reached skill level 5 in Armour
  4576 | D:4      | Noticed Pikel
  4598 | D:4      | Killed Pikel
  4599 | D:4      | Reached skill level 5 in Dodging
  4836 | D:4      | Reached *** piety under Qazlal
  5124 | D:5      | Found a basalt altar of Yredelemnul.
  5135 | D:5      | Reached XP level 9. HP: 55/56 MP: 9/9
  5141 | D:5      | Found a staircase to the Ecumenical Temple.
  5582 | D:5      | Found an ornate altar of the Wu Jian Council.
  5876 | D:6      | Found Winn's General Store.
  5884 | D:6      | Bought a scroll of identify for 22 gold pieces
  7273 | D:7      | Found a snail-covered altar of Cheibriados.
  7468 | D:7      | Found a shimmering altar of Xom.
  7702 | D:8      | Noticed a hornet
  7715 | D:8      | Killed a hornet
  7723 | D:8      | Reached XP level 10. HP: 31/64 MP: 10/10
  8129 | D:8      | Found Mugiuj's Book Emporium.
  8187 | D:8      | Found a staircase to the Lair.
  8456 | D:8      | Identified the +2 cloak "Zaapo" {Int+3}
  9062 | D:9      | Found a sparkling altar of Nemelex Xobeh.
  9411 | D:9      | Found a radiant altar of Vehumet.
  9519 | D:10     | Entered Level 10 of the Dungeon
  9676 | D:10     | Reached **** piety under Qazlal
  9730 | D:10     | Noticed Snorg
  9920 | D:10     | Noticed Psyche
  9937 | D:10     | Killed Psyche
  9990 | D:10     | Found a runed translucent gate.
  9991 | D:10     | Noticed IndexError's ghost (novice DsCj)
  9991 | D:10     | Found a runed translucent gate.
  9992 | D:10     | Found a runed translucent gate.
  9996 | D:10     | Identified the +9 chain mail of the Sun {Drain Str-5 Int+10
                  | Dex+4}
 10086 | D:10     | Reached XP level 11. HP: 51/71 MP: 11/11
 10409 | Lair:1   | Entered Level 1 of the Lair of Beasts
 10477 | Lair:1   | Reached skill level 10 in Fighting
 10647 | Lair:1   | Reached skill level 10 in Armour
 10789 | Lair:1   | Reached ***** piety under Qazlal
 11239 | Lair:2   | Reached skill level 10 in Maces & Flails
 11283 | Lair:2   | Reached XP level 12. HP: 27/79 MP: 12/12
 11704 | Lair:2   | Found a staircase to the Snake Pit.
 12336 | Lair:2   | Found a staircase to the Shoals.
 12852 | D:11     | Noticed a two-headed ogre
 12866 | D:11     | Killed a two-headed ogre
 12872 | D:11     | Noticed a two-headed ogre
 12887 | D:11     | Killed a two-headed ogre
 12888 | D:11     | Reached XP level 13. HP: 82/86 MP: 13/13
 12926 | D:11     | Found a staircase to the Orcish Mines.
 13599 | D:11     | Reached skill level 10 in Dodging
 13599 | D:11     | Gained mutation: Your large and strong wings let you fly.
                  | [Gargoyle growth]
 13599 | D:11     | Reached XP level 14. HP: 94/94 MP: 14/14
 13891 | D:12     | Identified the +0 plate armour of Impatience {rC+ Will+
                  | MP+9 Dex+4}
 14812 | D:13     | Identified the +1 chain mail of Nirotu {Drain Str+3 Int+2}
 15321 | Orc:1    | Entered Level 1 of the Orcish Mines
 15332 | Orc:1    | Noticed Josephine
 15471 | D:11     | Identified a scroll of acquirement
 15471 | D:11     | Acquired a +1 great mace of draining
 15786 | D:11     | Killed Josephine
 16013 | Orc:1    | Found Ymuifyikk's Weapon Shop.
 16100 | Orc:1    | Bought the +4 consecrated labrys {holy, Valiant Fragile Fly
                  | SInv} for 383 gold pieces
 16100 | Orc:1    | Found the +4 consecrated labrys {holy, Valiant Fragile Fly
                  | SInv}
 16106 | Orc:1    | You are sucked into a shaft and drop 1 floor!
 16106 | Orc:2    | Entered Level 2 of the Orcish Mines
 16111 | Orc:2    | Noticed Nessos
 16121 | Orc:2    | Killed Nessos
 16165 | Orc:2    | Reached ****** piety under Qazlal
 16209 | Orc:2    | Noticed an orc warlord
 16230 | Orc:2    | Killed an orc warlord
 16272 | Orc:2    | Found a staircase to the Elven Halls.
 16648 | Orc:2    | Found Upilomen's Book Boutique.
 16768 | Orc:2    | Found Ypojit's Antique Weapon Boutique.
 16772 | Orc:2    | Found Ekhaor's Antique Armour Shop.
 16877 | Orc:2    | Found Yleaw's Magic Scroll Emporium.
 16927 | Orc:2    | Bought a pair of embroidered gloves for 225 gold pieces
 17555 | Lair:3   | Reached XP level 15. HP: 99/100 MP: 15/15
 17893 | Lair:3   | Noticed Gastronok
 17905 | Lair:3   | Killed Gastronok
 18414 | Lair:4   | Reached skill level 15 in Fighting
 18414 | Lair:4   | Found a staircase to the Slime Pits.
 18500 | Lair:4   | Found a viscous altar of Jiyva.
 19098 | Lair:5   | Entered Level 5 of the Lair of Beasts
 19271 | Lair:5   | Reached skill level 15 in Armour
 19294 | Lair:5   | Reached XP level 16. HP: 80/108 MP: 16/16
 19341 | Lair:5   | Noticed Sonja
 19360 | Lair:5   | Killed Sonja
 20453 | Shoals:1 | Entered Level 1 of the Shoals
 20458 | Shoals:1 | Noticed Frances
 20465 | Shoals:1 | Killed Frances
 20591 | Shoals:1 | Found a bloodstained altar of Trog.
 20652 | Shoals:1 | Noticed Jorgrun
 20666 | Shoals:1 | Killed Jorgrun
 20749 | Shoals:1 | Identified the serpent talisman of Spring {Int+4 Stlth+}
 20749 | Shoals:1 | Noticed Aizul
 20760 | Shoals:1 | Killed Aizul
 21041 | Shoals:1 | Noticed a kraken
 21050 | Shoals:1 | Killed a kraken
 21880 | Shoals:2 | Reached skill level 15 in Maces & Flails
 21904 | Shoals:2 | Noticed Polyphemus
 21962 | Shoals:2 | HP: 5/111 [merfolk impaler/+2 trident of venom (4)]
 21964 | Shoals:2 | Hit by a javelin thrown by a merfolk javelineer

Illustrated notes

Levels and vault maps discovered:
D:1:      lightli_molten_gateway, layout_basic,
          dreamdust_ecumenical_altar_drowned_temple, chequers_big_river
D:2:      layout_loops_cross, uniq_natasha, uniq_crazy_yiuf_cottage, uniq_robin
D:3:      layout_basic, grunt_qazlal_sundering, kennysheep_potato
D:4:      kennysheep_spiral_hall, layout_basic, amcnicky_altar_gilded,
          old_standard_altar, uniq_pikel, uniq_duvessa, uniq_ijyb
D:5:      layout_rooms, mainiacjoe_overflow_paths, nzn_wu_jian_council_hall,
          minmay_temple_entry_statues_pillars
D:6:      layout_basic, gammafunk_temple_overflow_pools, serial_shops, shop
D:7:      layout_layer_cave, kennysheep_little_box, cheibriados_altar_1,
          minmay_misc_feat_four_crosses
D:8:      layout_cave_pools, dpeg_oklobed_lair, serial_shops, shop_statue,
          nicolae_titane
D:9:      layout_loops_cross, old_standard_altar, nicolae_vehumet_radiance
D:10:     layout_roguey, biasface_ghost_orc_armoury,
          chequers_serial_rivers_small_b, uniq_snorg, uniq_psyche
D:11:     layout_roguey, minmay_orc_entry_temple_small
D:12:     layout_gridville
D:13:     layout_gridville
Lair:1:   layout_cave_shapes, serial_rivers, chequers_serial_rivers_small_a,
          chequers_serial_rivers_micro_a, chequers_serial_rivers_room_b,
          chequers_serial_rivers_micro_d, chequers_serial_rivers_small_3,
          minmay_hedge_maze
Lair:2:   beast_lair_carwin_large_3, layout_small_grid, shoals_dummy_entry,
          alex1729_snake_entry_snake, bh_autumn_forest_stairs
Lair:3:   layout_big_grid, grunt_megastairs_1, serial_bayou_shore_b,
          uniq_gastronok
Lair:4:   layout_small_grid, nicolae_slime_entry_field_trip, wad_woods_06
Lair:5:   hangedman_lair_caniforms_friends, layout_cellular_growth,
          minivault_19, uniq_sonja
Shoals:1: layout_shoals, lemuel_centaur_altar, uniq_jorgrun, uniq_frances,
          uniq_aizul
Shoals:2: nzn_motion_control, layout_shoals, serial_shops, bzr_entry_dummy,
          st_sunken_huts, uniq_polyphemus
Orc:1:    layout_caves, serial_shops, nicolae_shop_mannequins, uniq_josephine
Orc:2:    grunt_orc_community_town_hall, layout_caves,
          grunt_orc_community_big_house_1, grunt_orc_community_big_house_1,
          grunt_orc_community_house_3, grunt_orc_community_house_3,
          grunt_orc_community_house_1, grunt_orc_community_house_3,
          grunt_orc_community_house_3, uniq_nessos

Skill      XL: |  1  2  3  4  5  6  7  8  9 10 11 12 13 14 15 16 |
---------------+-------------------------------------------------+-----
Armour         | 1 2 3 4 5 7 9 10 11 12 13 15 16 | 16.0
Fighting       | 4 5 6 8 9 10 12 13 14 15 16 | 16.4
Dodging        | 3 4 5 6 7 8 9 10 11 12 | 12.9
Maces & Flails | 4 5 6 7 8 10 11 12 13 14 15 | 15.1

Action                     |  1- 3 |  4- 6 |  7- 9 | 10-12 | 13-15 | 16-18 || total
---------------------------+-------+-------+-------+-------+-------+-------++-------
  Melee: Mace              |   118 |   192 |   360 |   889 |       |       ||  1559
         Flail             |       |       |       |    34 |   373 |       ||   407
         Labrys            |       |       |       |       |   454 |   337 ||   791
  Evoke: Wand              |       |       |       |       |    11 |     7 ||    18
    Use: Potion            |       |     3 |     1 |     4 |     3 |     5 ||    16
         Scroll            |       |       |    12 |    11 |    11 |     8 ||    42
 Armour: Robe              |    63 |    28 |       |       |       |       ||    91
         Plate armour      |       |   126 |   335 |   134 |       |   263 ||   858
         Scale mail        |       |    15 |       |       |       |       ||    15
         Troll leather arm |       |       |       |   421 |   535 |   148 ||  1104
  Dodge: Dodged            |    89 |    62 |   123 |   708 |   846 |   464 ||  2292
         Repelled          |       |       |       |     2 |     8 |     7 ||    17
  Block: Orb               |       |     4 |    58 |   227 |   365 |   214 ||   868

Table legend: (Time is in decaauts)
 A = Elapsed time spent in this place.
 B = Non-inter-level travel time spent in this place.
 C = Inter-level travel time spent in this place.
 D = Time resting spent in this place.
 E = Time spent auto-exploring this place.
 F = Levels seen in this place.
 G = Mean time per level.
                   A        B        C        D        E       F      G
               +--------+--------+--------+--------+--------+-----+--------+
         Total |  22148 |  20883 |   1265 |   2239 |  13855 |  22 | 1006.7 |
       Dungeon |  13542 |  12789 |    753 |   1571 |   8902 |  13 | 1041.7 |
          Lair |   5525 |   5189 |    336 |    262 |   3224 |   5 | 1105.0 |
        Shoals |   1539 |   1520 |     19 |    306 |    827 |   2 |  769.5 |
  Orcish Mines |   1541 |   1386 |    155 |    100 |    901 |   2 |  770.5 |
               +--------+--------+--------+--------+--------+-----+--------+

Top non-repeatable levels by time:
     D:7: 1730 daAuts
  Lair:2: 1688 daAuts
Shoals:1: 1408 daAuts
     D:2: 1394 daAuts
  Lair:5: 1335 daAuts
    D:11: 1240 daAuts
     D:1: 1141 daAuts
     D:4: 1132 daAuts
     D:9: 1061 daAuts
   Orc:2: 1043 daAuts
  Lair:4: 1007 daAuts
     D:3: 944 daAuts
     D:8: 927 daAuts
    D:13: 877 daAuts
     D:6: 868 daAuts
